 Dungeon Crawl Stone Soup version 0.19.1 (webtiles) character file.

35 Blackhawk the Sneak (level 3, 0/27 HPs)
             Began as a Vampire Assassin on Feb 27, 2017.
             Slain by a kobold
             ... wielding a +0 dagger
              (3 damage)
             ... on level 2 of the Dungeon.
             The game lasted 00:09:18 (1351 turns).

Blackhawk the Sneak (Vampire Assassin)              Turns: 1351, Time: 00:09:19

Health: 0/27       AC:  3    Str: 10    XL:     3   Next: 17%
Magic:  3/3        EV: 12    Int: 13    God:
Gold:   73         SH:  0    Dex: 16    Spells: 0 memorised, 2 levels left

rFire  . . .     SeeInvis +     a - +2 dagger
rCold  . . .     Gourm    .     c - +0 robe
rNeg   + . .     Faith    .     (no shield)
rPois  .         Spirit   .     (no helmet)
rElec  .         Reflect  .     d - +0 cloak
rCorr  .         Harm     .     (no gloves)
MR     .....                    (no boots)
Stlth  ++++......               (no amulet)
                                (no ring)
                                (no ring)

@: no status effects
A: fangs 3, see invisible, unbreathing
a: Bat Form


You were on level 2 of the Dungeon.
You were not thirsty.

You visited 1 branch of the dungeon, and saw 2 of its levels.

You collected 73 gold pieces.

Inventory:

Hand Weapons
 a - a +2 dagger (weapon)
 b - a +0 blowgun
Missiles
 e - 8 poisoned needles
 f - 5 curare-tipped needles
Armour
 c - a +0 robe (worn)
 d - a +0 cloak (worn)
 m - a +0 scale mail
Jewellery
 s - an uncursed amulet of guardian spirit {unknown}
Scrolls
 h - a scroll of noise {unknown}
 i - a scroll of enchant armour {unknown}
 j - a scroll of remove curse {unknown}
 k - a scroll of magic mapping {unknown}
 n - a scroll of amnesia {unknown}
 o - 3 scrolls of teleportation {unknown}
 q - 2 scrolls of identify {unknown}
 r - a scroll of random uselessness {unknown}
Potions
 g - 8 potions of blood
 l - a potion of agility {unknown}
 p - a potion of resistance {unknown}


   Skills:
 + Level 2.0 Fighting
 + Level 2.4 Short Blades
 + Level 1.6 Throwing
 + Level 1.2 Dodging
 + Level 7.1 Stealth


You had 2 spell levels left.
You didn't know any spells.

Dungeon Overview and Level Annotations

Branches:
Dungeon (2/15)

Altars:


Innate Abilities, Weirdness & Mutations

You have razor-sharp teeth.
You have supernaturally acute eyesight. (SInv)
You can survive without breathing.


Message History

You are too injured to fight recklessly!
You are too injured to fight recklessly!
You are too injured to fight recklessly!
You are too injured to fight recklessly!
You are too injured to fight recklessly!
You see here 2 stones.
The kobold hits you with a dagger.
* * * LOW HITPOINT WARNING * * *
The kobold misses you.
You are too injured to fight recklessly!
You are too injured to fight recklessly!
The kobold hits you with a dagger.
* * * LOW HITPOINT WARNING * * *
The kobold hits you but does no damage. The kobold barely misses you.
The kobold hits you with a dagger.
* * * LOW HITPOINT WARNING * * *
The kobold barely misses you. The kobold hits you with a dagger.
You die...

...# #..##.##.#.##.# .?.#
#.###....#....# ...#
##'############# ...#
#...##....#....# #..#
#...##.##.#.##.# # ..
#...##.##.#.# ... # ...
#......##.#.# ## #
#...#####.#.# #
#...#####@#
###+####...##..K.# #
##.........##.#### .#
##.........##.#######.###
#..#######...........<..#
........................
############............
#..................####
##.#######..........##


You could see a kobold.

Vanquished Creatures
  An ooze (D:1)
  2 leopard geckos
  A bat (D:1)
  3 giant cockroaches (D:1)
  4 goblins
  3 hobgoblins (D:1)
  5 kobolds (D:1)
  2 ball pythons (D:1)
  2 frilled lizards
  5 rats (D:1)
28 creatures vanquished.

Notes
Turn   | Place    | Note
-------+----------+-------------------------------------------
     0 | D:1      | Blackhawk the Vampire Assassin began the quest for the Orb.
     0 | D:1      | Reached XP level 1. HP: 16/16 MP: 1/1
   227 | D:1      | Reached skill level 6 in Stealth
   290 | D:1      | Reached XP level 2. HP: 10/22 MP: 2/2
   759 | D:1      | Reached XP level 3. HP: 26/27 MP: 3/3
   835 | D:1      | Reached skill level 7 in Stealth
  1351 | D:2      | Slain by a kobold

Skill      XL: |  1  2  3 |
---------------+----------+-----
Stealth        | 6 7 |  7.1
Fighting       | 2 |  2.0
Short Blades   | |  2.4
Throwing       | |  1.6
Dodging        | |  1.2

Action                   || total
-------------------------++-------
Melee: Dagger            ||    78
       Bite              ||     3
  Use: Potion            ||     1
 Stab: Sleeping          ||     5
Armor: Robe              ||    21
Dodge: Dodged            ||    41
